 Dungeon Crawl Stone Soup version 0.28.0 (webtiles) character file.

Game seed: 2867808949538256699

5 BorgnjorsVileCrotch the Shield-Bearer (level 1, 20/20 HPs)
             Began as a Deep Dwarf Fighter on Feb 12, 2022.
             Was a Follower of Vehumet.
             Quit the game on level 2 of the Dungeon.
             The game lasted 00:00:29 (95 turns).

BorgnjorsVileCrotch the Shield-Bearer (DDFi)          Turns: 95, Time: 00:00:29

Health: 20/20      AC:  9    Str: 19    XL:     1   Next: 66%
Magic:  1/1        EV:  7    Int:  8    God:    Vehumet [*.....]
Gold:   0          SH:  4    Dex: 12    Spells: 0/0 levels left

rFire   . . .      SeeInvis .   a - +0 war axe
rCold   . . .      Faith    .   c - +0 buckler
rNeg    . . .      Spirit   .   e - +0 chain mail
rPois   .          Reflect  .   (no helmet)
rElec   .          Harm     .   (no cloak)
rCorr   .          Rampage  .   (no gloves)
Will    .....                   (no boots)
Stlth   ..........              (no amulet)
HPRegen 0.00/turn               (no ring)
MPRegen 0.07/turn               (no ring)

@: no status effects
A: damage resistance, heal wounds, sense surroundings 1, no regeneration
a: Heal Wounds, Renounce Religion


You were on level 2 of the Dungeon.
You worshipped Vehumet.
Vehumet was aware of your devotion.
You visited 1 branch of the dungeon, and saw 2 of its levels.

Inventory:

Hand Weapons
 a - a +0 war axe (weapon)
Armour
 b - a +0 scale mail
 c - a +0 buckler (worn)
 e - a +0 chain mail (worn)
   (You found it on level 2 of the Dungeon)
Scrolls
 f - a scroll of identify {unknown}
 g - a scroll of magic mapping {unknown}
 h - a scroll of immolation {unknown}
Potions
 d - a potion of might {@q3 !q}


   Skills:
 - Level 2.6 Fighting
 + Level 2.8 Axes
 - Level 3.2 Armour
 - Level 3.2 Shields


You couldn't memorise any spells.
You didn't know any spells.
Your spell library was empty.

Dungeon Overview and Level Annotations

Branches:
Dungeon (2/15)

Altars:
Vehumet


Innate Abilities, Weirdness & Mutations

You are resistant to damage.
You can heal yourself by infusing magical energy.
You passively map a small area around you.
You do not regenerate.


Message History

No target in view!
Found 25 arrows.
There is a stone staircase leading down here.
Found a stone staircase leading down.
You can't go down here!
There is a stone staircase leading down here.
You climb downwards.
The goblin shouts!
Found 10 gold pieces.
There is a stone staircase leading up here.
A goblin comes into view. It is wielding a +0 dagger.
The goblin shouts!
You barely miss the goblin. The goblin hits you but does no damage.
You slash the goblin!
You kill the goblin!
The bat hits you but does no damage.
You closely miss the goblin. The bat hits you but does no damage.
You block the goblin's attack. The goblin hits you but does no damage.
You hit the goblin.
You kill the goblin!
The bat hits you but does no damage. The bat hits you.
Things that are here:
a +0 dagger; a +0 dagger
Found a chain mail.
The bat misses you. The bat hits you but does no damage.
An endoplasm comes into view.
The endoplasm quivers.
The bat completely misses you. The bat hits you but does no damage.
The bat hits you but does no damage. The bat hits you but does no damage.
The bat hits you but does no damage. The bat hits you but does no damage.
You block the bat's attack. You block the endoplasm's attack.
You open the door. The bat barely misses you. The endoplasm hits you.
You hit the endoplasm.
You kill the endoplasm!
The bat barely misses you. x2
The bat closely misses you. The bat closely misses you.
The bat hits you but does no damage. The bat barely misses you.
You open the door. The bat hits you but does no damage.
You block the bat's attack.
There is an open door here.
The bat hits you but does no damage. The bat closely misses you.
The bat barely misses you. The bat hits you but does no damage.
There is an open door here.
You barely miss the bat. You block the bat's attack.
The bat completely misses you. The bat barely misses you.
You closely miss the bat. You block the bat's attack.
You block the bat's attack. The bat hits you but does no damage.
The bat closely misses you. You block the bat's attack. The bat hits you.
The bat hits you but does no damage.
You see here a +0 chain mail.
The bat barely misses you.
You miss the bat. The bat hits you. The bat hits you but does no damage.
You closely miss the bat. The bat barely misses you.
You hit the bat.
You kill the bat!
No target in view!
You see here a +0 chain mail.
You start removing your armour.
You continue taking off your +0 scale mail. x4
You finish taking off your +0 scale mail.
You start putting on your armour.
You continue putting on your +0 chain mail. x5
You finish putting on your +0 chain mail.
Found a scroll labelled ZOUGGU LOEDIT.
Found a book of the Hunter.
Found a scroll labelled WADDEP AJUF.
Press: ? - help, v - describe, . - travel, g - get item Item here: a book of the Hunter.
The floor.
f - a scroll labelled ZOUGGU LOEDIT
g - a scroll labelled WADDEP AJUF;
h - a scroll labelled VIL AXKYNINN
Found a faded altar of an unknown god.
A hobgoblin and a kobold come into view.
Found a stone staircase leading down.
The hobgoblin shouts!
The kobold throws a stone.
You block the stone.
The kobold throws a stone.
The stone hits you but does no damage.
The kobold throws a stone.
The stone barely misses you.
A hobgoblin comes into view.
The hobgoblin shouts!
The hobgoblin moves out of view.
There is a faded altar of an unknown god here.
You cannot tell which god this altar belongs to.
Convert to them anyway?
Vehumet accepts your prayer! Vehumet welcomes you!
You can now gain magical power from killing.
Vehumet offers you knowledge of Foxfire.
The hobgoblin hits you but does no damage.
The kobold hits you but does no damage.
Are you sure you want to abandon this character and quit the game? (Confirm with "yes".)

* # # ##### ###########
#...# #........## #.#.#
#........##
#.#.#####........##
#.#K##...........##
###.@.##.###'#.....#.
###..g#.##.# #.####....
#...#.#....###........#
..>.....................
....####.##..####†.....#
.. #..#.....'......# ,.
##.#..####......# ,
#####.:..##......###
#...........####.# *


You could see a hobgoblin and a kobold.

Vanquished Creatures
  An endoplasm (D:2)
  2 goblins (D:2)
  A bat (D:2)
  A rat (D:1)
5 creatures vanquished.

Notes
Turn   | Place    | Note
-------+----------+-------------------------------------------
     0 | D:1      | BorgnjorsVileCrotch the Deep Dwarf Fighter began the quest
                  | for the Orb.
     0 | D:1      | Reached XP level 1. HP: 20/20 MP: 1/1
    86 | D:2      | Found a faded altar of an unknown god.
    94 | D:2      | Prayed at the altar of an unknown god.
    94 | D:2      | Became a worshipper of Vehumet
    94 | D:2      | Reached * piety under Vehumet
    94 | D:2      | Offered knowledge of Foxfire by Vehumet.
    95 | D:2      | Quit the game

Illustrated notes

Levels and vault maps discovered:
D:1:      lightli_arrival_boilingwater, layout_rooms
D:2:      wander_river, layout_basic, basic_ecumenical_altar,
          uniq_crazy_yiuf_cottage

Action                   || total
-------------------------++-------
Melee: War axe           ||    11
Armor: Scale mail        ||    19
       Chain mail        ||     3
Dodge: Dodged            ||    16
Block: Buckler           ||     9
